 Dungeon Crawl Stone Soup version 0.29-a0-322-g68df515428 (webtiles) character file.

Game seed: 18213770116296319133

192 bande the Covered (level 5, -4/33 HPs)
             Began as a Gargoyle Fighter on Apr 10, 2022.
             Slain by a hornet (10 damage)
             ... on level 4 of the Dungeon.
             The game lasted 00:07:45 (3512 turns).

bande the Covered (Gargoyle Fighter)                Turns: 3512, Time: 00:07:46

Health: -4/33      AC: 13    Str: 19    XL:     5   Next: 71%
Magic:  5/5        EV:  7    Int:  9    God:
Gold:   237        SH:  5    Dex: 17    Spells: 4/4 levels left

rFire   . . .      SeeInvis +   a - +1 war axe (chaos)
rCold   . . .      Faith    .   c - +0 buckler
rNeg    + . .      Spirit   .   g - +0 chain mail
rPois   ∞          Reflect  .   p - +0 hat
rElec   +          Harm     .   (no cloak)
rCorr   .          Rampage  .   (no gloves)
Will    .....                   (no boots)
Stlth   ..........              (no amulet)
HPRegen 0.11/turn               f - ring of see invisible
MPRegen 0.09/turn               i - +6 ring of dexterity

@: mighty
A: sickness immunity, AC +4, negative energy resistance 1, electricity
resistance, torment resistance 1, petrification resistance
a: no special abilities


You were on level 4 of the Dungeon.
You visited 2 branches of the dungeon, and saw 5 of its levels.

You collected 237 gold pieces.

Inventory:

Hand Weapons
 a - a +1 war axe of chaos (weapon)
Armour
 c - a +0 buckler (worn)
 g - a +0 chain mail (worn)
 p - a +0 hat (worn)
Jewellery
 f - a ring of see invisible (left hand)
 i - a +6 ring of dexterity (right hand)
Scrolls
 l - a scroll of fear
 q - a scroll of magic mapping
Potions
 b - a potion of flight
 d - 2 potions of might
 e - a potion of resistance
 h - a potion of haste
 m - a potion of degeneration {unknown}
 n - a potion of magic {unknown}
 o - a potion of berserk rage {unknown}


   Skills:
 + Level 4.1 Fighting
 + Level 3.7 Axes
 + Level 4.2 Armour
 + Level 3.9 Shields


You had 4 spell levels left.
You didn't know any spells.
Your spell library contained the following spells:

 Spells                   Type           Power      Damage    Failure   Level
 Foxfire                  Conj/Fire      0%         2x1d4     99%         1
 Conjure Flame            Conj/Fire      0%         6-21      100%        3
 Inner Flame              Hex/Fire       0%         N/A       100%        3
 Flame Wave               Conj/Fire      0%         2d4       100%        4


Dungeon Overview and Level Annotations

Branches:
Dungeon (4/15)             Temple (1/1) D:4

Altars:
Dithmenos
Elyvilon
Hepliaklqana
Kikubaaqudgha
Makhleb
Qazlal
Ru
Uskayaw
Vehumet
Wu Jian
Xom
Zin
The Shining One

Shops:
D:1 !?*:?


Innate Abilities, Weirdness & Mutations

You are immune to sickness and miasma.
Your stone body is resilient. (AC +4)
You are immune to poison.
You resist negative energy. (rN+)
You are resistant to electric shocks. (rElec)
You are resistant to unholy torment.
You are immune to petrification.


Message History

Unknown command.
You closely miss the hornet.
The hornet is heavily wounded.
You miss the quokka. The hornet stings you!
The hornet stings you but does no damage.
The quokka bites you. You block the hornet's attack.
Unknown command.
You hit the hornet but do no damage.
The hornet is poisoned.
The hornet is heavily wounded.
You completely miss the quokka.
The quokka bites you but does no damage.
You block the hornet's attack.
The quokka bites you but does no damage.
The hornet stings you!
* * * LOW HITPOINT WARNING * * *
You barely miss the hornet.
The hornet is heavily wounded.
You completely miss the quokka. The hornet stings you.
* * * LOW HITPOINT WARNING * * *
The quokka bites you but does no damage.
The hornet stings you but does no damage.
The quokka bites you but does no damage.
You closely miss the hornet.
The hornet is severely wounded.
You miss the quokka.
The hornet stings you but does no damage.
The quokka bites you but does no damage.
The hornet stings you.
* * * LOW HITPOINT WARNING * * *
You feel better.
The quokka bites you but does no damage.
The hornet closely misses you.
The quokka bites you but does no damage.
You feel very mighty all of a sudden.
The hornet stings you but does no damage. x2
The quokka bites you but does no damage.
You barely miss the hornet.
The hornet is severely wounded.
You hit the quokka.
The hornet looks more healthy.
The hornet stings you!
You die...

###.# #.# ....#
#.# .# ##### ##.#
#.#. #######..#
..... .....)...#
#...# #######..#
#....#
#..##+#####.....#
#.........r...#
#.###.##.#@#..#
#.# #.##.#y# #
#.# #.##.#J# #.#
#.##.#.# #.
#.##.#.# #.
#.##.#.# #.
#.##.#.# #.#.#


You could see a hornet, an endoplasm and a quokka.

Vanquished Creatures
  An orc priest (D:3)
  6 adders
  3 dart slugs
  6 worms
  5 orcs (D:3)
  6 endoplasms
  4 giant cockroaches
  8 goblins
  6 hobgoblins
  8 jackals (D:1)
  2 quokkas (D:1)
  5 ball pythons
  6 bats
  A frilled lizard (D:1)
  8 kobolds
  8 rats
83 creatures vanquished.

Vanquished Creatures (others)
  A plant (D:1)
1 creature vanquished.

Grand Total: 84 creatures vanquished

Notes
Turn   | Place    | Note
-------+----------+-------------------------------------------
     0 | D:1      | bande the Gargoyle Fighter began the quest for the Orb.
     0 | D:1      | Reached XP level 1. HP: 14/14 MP: 1/1
   162 | D:1      | Reached XP level 2. HP: 17/19 MP: 2/2
   215 | D:1      | Found Rocease's Book Shoppe.
   237 | D:1      | Found Geck's General Store.
   339 | D:1      | Found Sodwioff's Magic Scroll Emporium.
   391 | D:1      | Reached XP level 3. HP: 24/24 MP: 3/3
   516 | D:1      | Found a faded altar of an unknown god.
   527 | D:1      | Found Culeel's Distillery.
   874 | D:1      | Found Emne's Magic Scroll Shoppe.
  1396 | D:2      | Reached XP level 4. HP: 29/29 MP: 4/4
  2118 | D:3      | Reached XP level 5. HP: 33/33 MP: 5/5
  2346 | D:3      | Found an ancient bone altar of Kikubaaqudgha.
  2689 | D:4      | Found a staircase to the Ecumenical Temple.
  2700 | Temple   | Entered the Ecumenical Temple
  3498 | D:4      | Noticed a hornet
  3508 | D:4      | HP: 1/33 [hornet (6)]
  3512 | D:4      | Slain by a hornet

Illustrated notes

Levels and vault maps discovered:
D:1:      dpeg_arrival_court, layout_basic, shapermc_ecumenical_altar_acropolis,
          serial_aquarium, aquarium_bridge_straight [aquarium_subvault_bridge,
          aquarium_subvault_window, aquarium_subvault_bridge,
          aquarium_subvault_balcony], aquarium_bridge_straight
          [aquarium_subvault_bridge, aquarium_subvault_wall,
          aquarium_subvault_bridge, aquarium_subvault_window],
          aquarium_window_3, aquarium_window_fake, aquarium_window_corner,
          aquarium_view_2e, aquarium_view_2c, aquarium_balcony_1a,
          aquarium_pool_2, serial_shops, shop_scrolls, nicolae_shop_crystal,
          shop_scrolls, shop, nicolae_shop_advertising_works
          [nicolae_subvault_shop_adworks], roderic_filled_cross
D:2:      layout_loops_ring
D:3:      layout_rooms, kiku_gazebo_pond_becter, minmay_misc_feat_tower,
          minmay_bisected
D:4:      layout_basic, lemuel_crystal_altar, jmf_multi_god_temple,
          minmay_temple_entry_mist, kennysheep_path_1
Temple:   minmay_temple_forest_path

Skill      XL: |  1  2  3  4 |
---------------+-------------+-----
Axes           | 2 3 |  3.7
Armour         | 4 |  4.2
Fighting       | 4 |  4.1
Shields        | |  3.9

Action                   |  1- 3 |  4- 6 || total
-------------------------+-------+-------++-------
Melee: War axe           |   130 |   113 ||   243
  Use: Scroll            |     4 |     7 ||    11
       Potion            |       |     3 ||     3
 Stab: Confused          |       |     1 ||     1
Armor: Scale mail        |   102 |    15 ||   117
       Chain mail        |       |    70 ||    70
Dodge: Dodged            |    68 |    58 ||   126
Block: Buckler           |    38 |    30 ||    68

Table legend: (Time is in decaauts)
 A = Elapsed time spent in this place.
 B = Non-inter-level travel time spent in this place.
 C = Inter-level travel time spent in this place.
 D = Time resting spent in this place.
 E = Time spent auto-exploring this place.
 F = Levels seen in this place.
 G = Mean time per level.
                   A        B        C        D        E       F      G
               +--------+--------+--------+--------+--------+-----+--------+
         Total |   3616 |   3536 |     80 |    121 |   2675 |   5 |  723.2 |
       Dungeon |   3182 |   3149 |     33 |    121 |   2301 |   4 |  795.5 |
        Temple |    433 |    386 |     47 |      0 |    374 |   1 |  433.0 |
               +--------+--------+--------+--------+--------+-----+--------+

Top non-repeatable levels by time:
     D:1: 1257 daAuts
     D:2: 874 daAuts
     D:3: 635 daAuts
  Temple: 433 daAuts
     D:4: 415 daAuts
